[Event "Team 45 45 League T64"]
[Site "Internet Chess Club"]
[Date "2015.03.08"]
[Round "1"]
[White "chess09"]
[Black "TillyChess"]
[Result "0-1"]
[WhiteElo "1883"]
[BlackElo "2146"]
[Opening "Dutch defense"]
[ECO "A40"]
[Time "15:00:25"]
[TimeControl "2700+45"]

1. d4 e6 2. c4 f5 3. Nf3 Nf6 4. g3 d5 5. Bg2 c6 6. O-O Bd6 7. b3 b5 8. Qc2 bxc4
9. bxc4 Ba6 10. c5 Bc7 11. Nc3 O-O 12. Rb1 Ne4 13. Nxe4 fxe4 14. Ng5 Rf6 15. Nh3
h6 16. Bf4 Nd7 17. Bxc7 Qxc7 18. Rfc1 e5 19. dxe5 Nxe5 20. Bf1 Raf8 21. Bg2 g5
22. Rf1 Qe7 23. Kh1 Bc4 24. Qd2 Ng4 25. f4 exf3 26. Bxf3 Ne3 27. Rfc1 g4 28. Rc3
Re8 29. Rxe3 Qxe3 30. Qxe3 Rxe3 31. Bxg4 Bxe2 32. Bd7 Re7 33. Rb7 Kf7 34. Bc8
Rxb7 35. Bxb7 d4 36. Kg2 Bf1+ {White resigns} 0-1

[Event "Team 45 45 League T64"]
[Site "Internet Chess Club"]
[Date "2015.03.09"]
[Round "1"]
[White "pishd"]
[Black "LazyPeon"]
[Result "0-1"]
[WhiteElo "1762"]
[BlackElo "1890"]
[Opening "King's Indian: East Indian defense"]
[ECO "A48"]
[Time "14:04:51"]
[TimeControl "2700+45"]

1. d4 Nf6 2. Nf3 g6 3. e3 Bg7 4. Be2 O-O 5. O-O c5 6. Nbd2 b6 7. c3 Bb7 8. Re1
d6 9. Bf1 Nbd7 10. e4 e5 11. d5 Ne8 12. Bc4 f5 13. a4 f4 14. Bb5 h6 15. b4 g5
16. Nc4 g4 17. Bxd7 Qxd7 18. Nh4 Bc8 19. Nf5 Rxf5 20. exf5 Qxf5 21. bxc5 Ba6 22.
Nxd6 Nxd6 23. cxd6 Bc4 24. Bb2 e4 25. Qc2 Bd3 26. Qb3 f3 27. d7 fxg2 28. Bc1 Be5
29. d6+ Kh7 30. Re3 Bxd6 31. Ra2 Bf1 32. Qc2 Bxh2+ 33. Kxh2 Qh5+ {White resigns}
0-1

[Event "Team 45 45 League T64"]
[Site "Internet Chess Club"]
[Date "2015.03.08"]
[Round "1"]
[White "Zugzwanged"]
[Black "elmaestro"]
[Result "0-1"]
[WhiteElo "1680"]
[BlackElo "1784"]
[Opening "Sicilian: closed"]
[ECO "B23"]
[Time "23:03:41"]
[TimeControl "2700+45"]

1. e4 c5 2. Nc3 d6 3. f4 Nc6 4. Nf3 g6 5. Bb5 Bg7 6. Bxc6+ bxc6 7. O-O Nf6 8. d3
O-O 9. Qe1 e6 10. e5 Nd5 11. Ne4 f6 12. exd6 f5 13. Nxc5 Qxd6 14. d4 Nxf4 15.
Bxf4 Qxf4 16. Nxe6 Bxe6 17. Qxe6+ Kh8 18. c3 Rfe8 19. Qxc6 Rac8 20. Qb5 Rb8 21.
Qa4 Bf8 22. Qc2 Bd6 23. Rae1 Qg4 24. Ne5 Qh4 25. Nf7+ Kg7 26. Ne5 Rb5 27. Nf3
Bxh2+ 28. Nxh2 Rxe1 29. Nf3 Rxf1+ 30. Kxf1 Qe4 31. Qc1 f4 32. b3 Rh5 33. Kf2 g5
34. Qd2 g4 35. Ne5 g3+ 36. Kg1 Qb1+ {White resigns} 0-1

[Event "Team 45 45 League T64"]
[Site "Internet Chess Club"]
[Date "2015.03.08"]
[Round "1"]
[White "juniorVishy"]
[Black "room-matt"]
[Result "1/2-1/2"]
[WhiteElo "1928"]
[BlackElo "1918"]
[Opening "Budapest: Adler variation"]
[ECO "A52"]
[Time "16:04:19"]
[TimeControl "2700+45"]

1. d4 Nf6 2. c4 e5 3. dxe5 Ng4 4. Nf3 Bc5 5. e3 Nc6 6. a3 a5 7. b3 Ngxe5 8. Nxe5
Nxe5 9. Bb2 d6 10. Be2 O-O 11. O-O Re8 12. Nc3 Be6 13. Qd2 Qe7 14. Nd5 Qd7 15.
Nf4 Bf5 16. Rfd1 Bb6 17. Bd4 Bxd4 18. Qxd4 Bc2 19. Rd2 Bxb3 20. c5 Rad8 21. Qc3
a4 22. Nh5 f6 23. cxd6 cxd6 24. Qb4 Nc6 25. Qb6 Qe7 26. Ng3 d5 27. Nf5 Qe5 28.
Qxb7 Qxf5 29. Qxc6 Rc8 30. Qb5 {Game drawn by mutual agreement} 1/2-1/2

[Event "Team 45 45 League T64"]
[Site "Internet Chess Club"]
[Date "2015.03.05"]
[Round "1"]
[White "Goli"]
[Black "JasonModer"]
[Result "1/2-1/2"]
[WhiteElo "1775"]
[BlackElo "1813"]
[Opening "Sicilian: Alapin's variation (2.c3)"]
[ECO "B22"]
[Time "17:17:54"]
[TimeControl "2700+45"]

1. e4 c5 2. c3 d5 3. exd5 Qxd5 4. d4 cxd4 5. cxd4 Nc6 6. Nf3 e5 7. Nc3 Bb4 8.
Bd2 Bxc3 9. Bxc3 e4 10. Ne5 Nxe5 11. dxe5 Qxd1+ 12. Rxd1 Ne7 13. Bb5+ Nc6 14.
Rd6 Bd7 15. e6 fxe6 16. Bxc6 bxc6 17. Bxg7 Rg8 18. Be5 Ke7 19. Rd4 e3 20. fxe3
Rxg2 21. Bd6+ Kf6 22. Rf1+ Kg6 23. Be7 Bc8 24. Rf6+ Kg7 25. Kf1 Rg6 26. Rxg6+
Kxg6 27. Kf2 Kf7 28. Bc5 Rb8 29. b4 a5 30. a3 axb4 31. axb4 Rb7 32. Rd8 Bd7 33.
Rf8+ Kg6 34. Kg3 e5 35. Bd6 Rb5 36. Rd8 Be6 37. e4 Rb7 38. Rb8 Rxb8 39. Bxb8 Kf6
40. Bd6 Bf7 41. Kf3 Ke6 42. Bb8 Bh5+ 43. Ke3 Bd1 44. Kd2 Bb3 45. Ke3 Bc4 46. Bc7
Bb5 47. Bb8 Kf6 48. Bc7 Bc4 49. Bb8 Bf7 50. Bc7 {Game drawn by mutual agreement}
1/2-1/2

[Event "Team 45 45 League T64"]
[Site "Internet Chess Club"]
[Date "2015.03.07"]
[Round "1"]
[White "ausya"]
[Black "zap2"]
[Result "1-0"]
[WhiteElo "1712"]
[BlackElo "1646"]
[Opening "Pirc defense"]
[ECO "B07"]
[Time "10:02:43"]
[TimeControl "2700+45"]

1. e4 d6 2. d4 Nf6 3. f3 e5 4. Ne2 Nbd7 5. Nbc3 g6 6. Be3 Bg7 7. Qd2 O-O 8.
O-O-O a5 9. Bh6 exd4 10. Nxd4 Ne5 11. Be2 a4 12. g4 a3 13. b3 Nfd7 14. h4 Nc6
15. Bxg7 Kxg7 16. h5 Nxd4 17. Qxd4+ Qf6 18. hxg6 Qxd4 19. Rxd4 fxg6 20. Nb5 c6
21. Nc7 Nb6 22. Nxa8 Nxa8 23. Rxd6 Nc7 24. Rhd1 Ne6 25. Bc4 Nf4 26. Rd8 Be6 27.
Bxe6 Nxe6 28. R1d7+ Rf7 29. Rxf7+ Kxf7 30. Rd7+ Kf6 31. Rxb7 h5 32. Kd2 h4 33.
Ke3 g5 34. b4 h3 35. Rh7 Nf4 36. c4 Kg6 37. Rxh3 Nxh3 38. b5 Nf4 39. b6 Nd5+ 40.
exd5 Kf6 41. b7 Ke5 42. b8=Q+ Kf6 43. Qd6+ Kf7 44. dxc6 Ke8 45. Qc7 Kf8 46. Qh7
Ke8 47. c7 {Black resigns} 1-0

[Event "Team 45 45 League T64"]
[Site "Internet Chess Club"]
[Date "2015.03.09"]
[Round "1"]
[White "Duguesclin"]
[Black "EFXBT"]
[Result "1-0"]
[WhiteElo "1668"]
[BlackElo "1525"]
[Opening "QGD: 4.Nf3"]
[ECO "D37"]
[Time "16:16:07"]
[TimeControl "2700+45"]

1. d4 d5 2. c4 e6 3. Nf3 Nf6 4. Nc3 Nc6 5. Bg5 Be7 6. e3 O-O 7. Bd3 h6 8. Bf4 b6
9. O-O Bb7 10. b3 Rc8 11. cxd5 Nxd5 12. Nxd5 Qxd5 13. e4 Qd8 14. Bc4 Na5 15. Qe2
Nxc4 16. bxc4 Bb4 17. Rfd1 Qe7 18. Rab1 c5 19. Ne5 Rfd8 20. d5 exd5 21. cxd5 Bc3
22. Qh5 Re8 23. d6 Qe6 24. d7 Bxe5 25. dxc8=Q Bxc8 26. Bxe5 f6 27. Bc3 b5 28.
Qxc5 Qxe4 29. Re1 Qg6 30. Rxe8+ Qxe8 31. Re1 Qd7 32. h3 a6 33. Re7 Qd1+ 34. Kh2
Qd8 35. Qc7 Qf8 36. Bb4 Bf5 37. g4 Bb1 38. a3 Bd3 39. Rd7 Qe8 40. Rxd3 Qe4 41.
Re3 Qe5+ 42. Rxe5 fxe5 {Black resigns} 1-0